 Dungeon Crawl Stone Soup version 0.29-a0-330-g52719c12eb (webtiles) character file.

Game seed: 5912078293809930219

84 croobank the Sneak (level 4, -3/35 HPs)
             Began as a Merfolk Brigand on Apr 13, 2022.
             Killed by divine providence
             ... invoked by an orc priest
              (11 damage)
             ... on level 3 of the Dungeon.
             The game lasted 00:08:32 (2878 turns).

croobank the Sneak (Merfolk Brigand)                Turns: 2878, Time: 00:08:33

Health: -3/35      AC:  7    Str: 11    XL:     4   Next: 45%
Magic:  4/4        EV: 12    Int: 12    God:
Gold:   139        SH:  0    Dex: 15    Spells: 2/3 levels left

rFire   . . .      SeeInvis .   a - +2 dagger
rCold   . . .      Faith    .   (no shield)
rNeg    . . .      Spirit   .   v - +0 leather armour
rPois   .          Reflect  .   (no helmet)
rElec   .          Harm     .   c - +1 cloak
rCorr   .          Rampage  .   (no gloves)
Will    +....                   n - +1 pair of boots
Stlth   +++.......              (no amulet)
HPRegen 0.11/turn               s - ring of willpower
MPRegen 0.09/turn               (no ring)

@: hasted, very quick
A: (nimble swimmer 2), mertail
a: no special abilities


You were on level 3 of the Dungeon.
You visited 1 branch of the dungeon, and saw 3 of its levels.

You collected 139 gold pieces.

Inventory:

Hand Weapons
 a - a +2 dagger (weapon)
 b - a +0 hunting sling
 l - a +0 whip of electrocution
 m - a +0 war axe
Missiles
 d - 9 poisoned darts
 e - a curare-tipped dart
 f - 105 stones
 i - 2 boomerangs of dispersal (quivered)
 k - 2 javelins
Armour
 c - a +1 cloak (worn)
 n - a +1 pair of boots (worn)
 v - a +0 leather armour (worn)
 x - a +0 robe
Jewellery
 s - a ring of willpower (left hand)
 u - an amulet of faith
Scrolls
 h - a scroll of enchant weapon {unknown}
 j - a scroll of teleportation {unknown}
 o - a scroll of fear {unknown}
 t - a scroll of amnesia {unknown}
 w - a scroll of immolation {unknown}
Potions
 g - a potion of attraction {unknown}
 p - a potion of haste
 q - a potion of flight


   Skills:
 + Level 3.0 Fighting
 + Level 3.2 Short Blades
 + Level 2.6 Throwing
 + Level 2.6 Dodging
 + Level 4.9 Stealth


You had 2 spell levels left.
You knew the following spells:

 Your Spells              Type           Power      Damage    Failure   Level
a - Summon Small Mammal   Summ           0%         N/A       41%         1

Your spell library contained the following spells:

 Spells                   Type           Power      Damage    Failure   Level
 Animate Skeleton         Necr           0%         N/A       41%         1
 Apportation              Tloc           0%         N/A       41%         1


Dungeon Overview and Level Annotations

Branches:
Dungeon (3/15)

Altars:
Xom


Innate Abilities, Weirdness & Mutations

((You are very nimble when in or above water. (Stealth+, EV+, Speed+++)))
Your lower body shifts to a powerful aquatic tail in water.


Message History

Pain shoots through your body!
Unknown command.
You hit the orc priest but do no damage.
The orc priest is moderately wounded.
Unknown command.
You barely miss the orc priest.
The orc priest is moderately wounded.
The orc priest barely misses you. The orc closely misses you.
Unknown command.
You hit the orc priest.
The orc priest is severely wounded.
The orc priest hits you with a +0 whip. The orc barely misses you.
You hit the orc priest but do no damage.
The orc priest is severely wounded.
The orc priest barely misses you. The orc hits you with a +0 short sword.
Unknown command.
You closely miss the orc priest.
The orc priest is severely wounded.
The orc priest looks braver for a moment.
The orc barely misses you.
You hit the orc priest but do no damage.
The orc priest is severely wounded.
The orc priest hits you but does no damage.
The orc hits you with a +0 short sword.
Unknown command.
Unknown command.
You hit the orc priest but do no damage.
The orc priest is severely wounded.
The orc priest miscasts a cantrip.
The orc hits you but does no damage.
You feel yourself speed up. The orc priest hits you with a +0 whip.
* * * LOW HITPOINT WARNING * * *
The orc misses you.
You hit the orc priest but do no damage.
The orc priest is severely wounded.
You closely miss the orc priest.
The orc priest is severely wounded.
The orc priest mumbles some strange prayers to Beogh against you.
Beogh smites you!
You die...

###.###.##########.##
####.......### #...... .
..##.##......#####.##.##
..#####.##.##...##.....#.##.##
......#.##.##...##.....#.##...
......##.##..........#.##.##
....##......!#.....#......
...####..##...)...#.....####...
.........#####@.....##### ####
..o####)...oooo...### #
########.#### # #.# ######
#.### ##...##
#...########......
###..............#
##########.....# ##.†.##


You could see an orc priest and 3 orcs.

Vanquished Creatures
  3 adders (D:2)
  A worm (D:3)
  2 dart slugs
  An orc (D:3)
  2 ball pythons
  2 bats
  4 endoplasms (D:1)
  A giant cockroach (D:2)
  6 goblins
  2 hobgoblins (D:2)
  3 kobolds
  A quokka (D:1)
  A frilled lizard (D:1)
  4 rats
33 creatures vanquished.

Vanquished Creatures (collateral kills)
  An adder (D:2)
  An endoplasm (D:2)
  A kobold (D:2)
  A frilled lizard (D:2)
  A rat (D:1)
5 creatures vanquished.

Grand Total: 38 creatures vanquished

Notes
Turn   | Place    | Note
-------+----------+-------------------------------------------
     0 | D:1      | croobank the Merfolk Brigand began the quest for the Orb.
     0 | D:1      | Reached XP level 1. HP: 16/16 MP: 1/1
   199 | D:1      | Reached XP level 2. HP: 2/23 MP: 2/2
   586 | D:1      | Learned a level 1 spell: Summon Small Mammal
   872 | D:1      | Found a faded altar of an unknown god.
  1368 | D:2      | Reached XP level 3. HP: 24/28 MP: 1/3
  1410 | D:2      | Found a shimmering altar of Xom.
  1932 | D:2      | Reached XP level 4. HP: 34/34 MP: 0/4
  2878 | D:3      | Killed from afar by an orc priest

Illustrated notes

Levels and vault maps discovered:
D:1:      dpeg_arrival_pond, layout_rooms,
          shapermc_ecumenical_altar_starsandcircs, serial_bayou,
          serial_bayou_shore_a, serial_bayou_pond_d, serial_bayou_pond_c,
          serial_bayou_pond_e, minivault_24, minmay_quantized
D:2:      layout_basic, basic_altar, minmay_close_crescents
D:3:      layout_loops_cross, slow_altar_2

Skill      XL: |  1  2  3  4 |
---------------+-------------+-----
Dodging        | 2 |  2.6
Short Blades   | 3 |  3.2
Fighting       | 3 |  3.0
Throwing       | |  2.6
Stealth        | |  4.9

Action                   |  1- 3 |  4- 6 || total
-------------------------+-------+-------++-------
Melee: Dagger            |    79 |    51 ||   130
       Punch             |     1 |     1 ||     2
       Tailslap          |     1 |       ||     1
Throw: Dart              |     3 |       ||     3
       Boomerang         |     3 |       ||     3
 Cast: Summon Small Mamm |    18 |     3 ||    21
  Use: Potion            |     1 |     1 ||     2
       Scroll            |       |     6 ||     6
 Stab: Sleeping          |     2 |       ||     2
       Distracted        |       |     3 ||     3
Armor: Robe              |    18 |     4 ||    22
       Leather armour    |       |     7 ||     7
Dodge: Dodged            |    43 |    28 ||    71

Table legend: (Time is in decaauts)
 A = Elapsed time spent in this place.
 B = Non-inter-level travel time spent in this place.
 C = Inter-level travel time spent in this place.
 D = Time resting spent in this place.
 E = Time spent auto-exploring this place.
 F = Levels seen in this place.
 G = Mean time per level.
                   A        B        C        D        E       F      G
               +--------+--------+--------+--------+--------+-----+--------+
         Total |   2839 |   2773 |     66 |    451 |   1817 |   3 |  946.3 |
       Dungeon |   2839 |   2773 |     66 |    451 |   1817 |   3 |  946.3 |
               +--------+--------+--------+--------+--------+-----+--------+

Top non-repeatable levels by time:
     D:1: 1317 daAuts
     D:2: 1247 daAuts
     D:3: 275 daAuts
